 Dungeon Crawl Stone Soup version 0.27-a0-1193-g8631133539 (webtiles) character file.

Game seed: 13055881856683111638

28 dduke234 the Insei (level 3, -1/20 HPs)
             Began as a Vine Stalker Monk on May 26, 2021.
             Succumbed to an adder's poison
             ... on level 2 of the Dungeon.
             The game lasted 00:01:26 (1241 turns).

dduke234 the Insei (Vine Stalker Monk)              Turns: 1241, Time: 00:01:27

Health: -1/20      AC:  2    Str: 13    XL:     3   Next: 12%
Magic:  4/4        EV: 13    Int: 10    God:
Gold:   20         SH:  0    Dex: 17    Spells: 2/2 levels left

rFire    . . .     SeeInvis .     - Unarmed
rCold    . . .     Faith    .   (no shield)
rNeg     . . .     Spirit   +   a - +0 robe
rPois    .         Reflect  .   (no helmet)
rElec    .         Harm     .   (no cloak)
rCorr    .         Rampage  .   (no gloves)
Will     .....                  (no boots)
Stlth    +.........             (no amulet)
HPRegen  0.06/turn              (no ring)
MPRegen  0.09/turn              (no ring)

@: confused, lethally poisoned (-1 -> -8), ambrosia-drunk
A: fangs 2, magic shield, antimagic bite, no potion heal 2
a: no special abilities


You were on level 2 of the Dungeon.
You visited 1 branch of the dungeon, and saw 2 of its levels.

You collected 20 gold pieces.

Inventory:

Armour
 a - a +0 robe (worn)
Scrolls
 c - a scroll of teleportation {unknown}


   Skills:
 * Level 3.1 Fighting
 - Level 2.4 Dodging
 * Level 2.9 Stealth
 * Level 3.6 Unarmed Combat


You had 2 spell levels left.
You didn't know any spells.
Your spell library was empty.

Dungeon Overview and Level Annotations

Branches:
Dungeon (2/15)

Altars:


Innate Abilities, Weirdness & Mutations

You have extremely sharp teeth.
When hurt, damage is shared between your health and your magic reserves.
Your bite disrupts and absorbs the magic of your enemies.
Potions cannot restore your health.


Message History

The adder closely misses you.
You are too injured to fight recklessly!
You are too injured to fight recklessly!
You are too injured to fight recklessly!
You are too injured to fight recklessly!
You are too injured to fight recklessly!
You are too injured to fight recklessly!
You are too injured to fight recklessly!
You are too injured to fight recklessly!
You are too injured to fight recklessly!
You are too injured to fight recklessly!
You are too injured to fight recklessly!
You are too injured to fight recklessly!
You are too injured to fight recklessly!
You are too injured to fight recklessly!
You are too injured to fight recklessly!
You are too injured to fight recklessly!
You are too injured to fight recklessly!
You are too injured to fight recklessly!
It was a potion of ambrosia.
You are confused.
Your system rejects the healing.
You feel invigorated.
You feel sick. The adder misses you. The adder closely misses you.
You feel sick.
The giant cockroach bites you but does no damage.
You feel sick. The adder closely misses you.
You feel sick. The adder barely misses you.
The giant cockroach barely misses you. The adder barely misses you.
You miss the adder.
You feel sick.
You are no longer poisoned.
The giant cockroach closely misses you. The adder misses you.
The adder bites you.
* * * LOW HITPOINT WARNING * * *
You barely miss the adder. Your bite misses the adder.
The giant cockroach bites you but does no damage.
The adder bites you.
* * * LOW HITPOINT WARNING * * *
You are lethally poisoned!
The adder poisons you!
You die...

#### #..#
#.#.?# #.#..#
#.#..#
#.#.[#+#+#+##
#...........#
#....@......#
#..SB.......#
###...........#
#....<......>.#
#........)....#
#...#....#+#+##
###.###### ..
###


You could see an adder and a giant cockroach.

Vanquished Creatures
  A dart slug (D:1)
  An endoplasm (D:1)
  3 giant cockroaches (D:1)
  2 hobgoblins (D:1)
  4 ball pythons (D:1)
  4 bats (D:1)
  3 frilled lizards (D:1)
  4 goblins (D:1)
  3 rats (D:1)
25 creatures vanquished.

Notes
Turn   | Place    | Note
-------+----------+-------------------------------------------
     0 | D:1      | dduke234 the Vine Stalker Monk began the quest for the Orb.
     0 | D:1      | Reached XP level 1. HP: 11/11 MP: 2/2
   330 | D:1      | Reached XP level 2. HP: 14/16 MP: 3/3
   939 | D:1      | Reached XP level 3. HP: 14/20 MP: 4/4
  1240 | D:2      | HP: 1/20 [adder (1)]
  1241 | D:2      | Succumbed to an adder's poison

Illustrated notes

Levels and vault maps discovered:
D:1:      dpeg_arrival_tiny_h, layout_loops_ring, amcnicky_mini_corridor_feature
D:2:      kennysheep_six_static_rooms, layout_basic,
          ebering_ecumenical_altar_abandoned, uniq_jessica, uniq_robin

Skill      XL: |  1  2 |
---------------+-------+-----
Fighting       | 3 |  3.1
Dodging        | |  2.4
Stealth        | |  2.9
Unarmed Combat | |  3.6

Action                   || total
-------------------------++-------
Melee: Unarmed           ||    71
       Bite              ||    13
       Punch             ||     1
  Use: Potion            ||     1
 Stab: Sleeping          ||     5
Armor: Robe              ||    12
Dodge: Dodged            ||    56

Table legend: (Time is in decaauts)
 A = Elapsed time spent in this place.
 B = Non-inter-level travel time spent in this place.
 C = Inter-level travel time spent in this place.
 D = Time resting spent in this place.
 E = Time spent auto-exploring this place.
 F = Levels seen in this place.
 G = Mean time per level.
                   A        B        C        D        E       F      G
               +--------+--------+--------+--------+--------+-----+--------+
         Total |   1235 |   1227 |      8 |      0 |   1058 |   2 |  617.5 |
       Dungeon |   1235 |   1227 |      8 |      0 |   1058 |   2 |  617.5 |
               +--------+--------+--------+--------+--------+-----+--------+

Top non-repeatable levels by time:
     D:1: 1223 daAuts
     D:2: 12 daAuts
